SL
CHICAGO GOLD SOX @ D.C. DIVIDED
08/27/2032
 
TOP OF THE 1ST
Chicago Gold Sox batting - Pitching for D.C. Divided : RHP Manuel Delgadillo
Pitching: RHP Manuel Delgadillo
Batting: LHB Noel Ballard 0-0: Ball
1-0: Ball
2-0: Ball
3-0: Base on Balls
Batting: RHB Ramón Rodríguez 0-0: Ball
Noel Ballard steals 2nd base
1-0: Ball
2-0: Ball
3-0: Called Strike
3-1: Base on Balls
Batting: RHB Jay Hood 0-0: Ball
1-0: Fly out, F7 (Flyball, 78S)
Batting: RHB Jeb Sexton 0-0: Called Strike
0-1: Ball
1-1: Foul Ball, location: 2F
1-2: Strikes out swinging
Batting: SHB Lupo Cotto 0-0: Fly out, F8 (Flyball, 8RXD)
Top of the 1st over - 0 runs, 0 hits, 0 errors, 2 left on base; Chicago 0 - D.C. 0
BOTTOM OF THE 1ST
D.C. Divided batting - Pitching for Chicago Gold Sox : RHP Tony Alfonso
Pitching: RHP Tony Alfonso
Batting: LHB Elmer Hudgins 0-0: Called Strike
0-1: SINGLE (Groundball, 6MD)
Batting: RHB Tony Romero 0-0: Called Strike
0-1: Swinging Strike
0-2: Foul Ball, location: 2F
0-2: Fielders Choice at 2nd, 4-6 (Groundball, 34)
Batting: LHB Yao-pang Chiang 0-0: SINGLE (Groundball, 34D)
Tony Romero to second
Runner from 2nd tries for 3rd, SAFE, no throw
Batting: RHB Wilbur Davis 0-0: Ball
1-0: Foul Ball, location: 2F
1-1: Ball
2-1: Swinging Strike
2-2: Ball
3-2: Foul Ball, location: 2F
3-2: Fly out, F8 (Flyball, 8LS)
Runner from 3rd tags up, SCORES, no throw
Batting: LHB Obidiah Lewis 0-0: Ball
1-0: Ball
2-0: Called Strike
2-1: Foul Ball, location: 2F
2-2: Ball
3-2: Foul Ball, location: 2F
3-2: Base on Balls
Yao-pang Chiang to second
Batting: LHB Ryan Marken 0-0: Ball
1-0: Called Strike
1-1: Ball
2-1: Ball
3-1: Called Strike
3-2: Base on Balls
Yao-pang Chiang to third
Obidiah Lewis to second
Batting: RHB Arturo Rodríguez 0-0: Called Strike
0-1: Fly out, F8 (Flyball, 8LM)
Bottom of the 1st over - 1 run, 2 hits, 0 errors, 3 left on base; Chicago 0 - D.C. 1
TOP OF THE 2ND
Chicago Gold Sox batting - Pitching for D.C. Divided : RHP Manuel Delgadillo
Batting: LHB Sergio Rodríguez 0-0: Ball
1-0: Called Strike
1-1: Called Strike
1-2: SOLO HOME RUN (Line Drive, 9D), Distance : 394 ft
Batting: LHB Shigenobu Ohayashi 0-0: Called Strike
0-1: Ball
1-1: Fly out, F9 (Flyball, 9LD)
Batting: RHB Manuel Guillama 0-0: Ball
1-0: Called Strike
1-1: Called Strike
1-2: Foul Ball, location: 2F
1-2: Strikes out swinging
Batting: RHB Norman Winston 0-0: Foul Ball, location: 2F
0-1: Swinging Strike
0-2: Strikes out swinging
Top of the 2nd over - 1 run, 1 hit, 0 errors, 0 left on base; Chicago 1 - D.C. 1
BOTTOM OF THE 2ND
D.C. Divided batting - Pitching for Chicago Gold Sox : RHP Tony Alfonso
Batting: RHB Brant Thigpen 0-0: Called Strike
0-1: Ball
1-1: Called Strike
1-2: Strikes out swinging
Batting: RHB Nick Boyd 0-0: Ball
1-0: Ball
2-0: Called Strike
2-1: Ball
3-1: Base on Balls
Batting: LHB Elmer Hudgins 0-0: Called Strike
0-1: Foul Ball, location: 2F
0-2: Ball
1-2: Strikes out swinging
Batting: RHB Tony Romero 0-0: Ball
1-0: Ball
2-0: Ball
3-0: Fly out, F6 (Popup, P)
Bottom of the 2nd over - 0 runs, 0 hits, 0 errors, 1 left on base; Chicago 1 - D.C. 1
TOP OF THE 3RD
Chicago Gold Sox batting - Pitching for D.C. Divided : RHP Manuel Delgadillo
Batting: LHB Noel Ballard 0-0: Foul Ball, location: 2F
0-1: Called Strike
0-2: Foul Ball, location: 2F
0-2: SINGLE (Groundball, 6D)
Batting: RHB Ramón Rodríguez 0-0: Called Strike
0-1: Ball
1-1: Swinging Strike
1-2: Strikes out swinging
Batting: RHB Jay Hood 0-0: Ball
1-0: Ball
2-0: SINGLE (Flyball, 9S)
Noel Ballard to second
Runner from 2nd tries for 3rd, SAFE, no throw
Batting: RHB Jeb Sexton 0-0: Ball
1-0: Ball
2-0: Ball
3-0: Called Strike
3-1: Fly out, F8 (Flyball, 8LM)
Runner from 3rd tags up, SCORES, throw made
Batting: SHB Lupo Cotto 0-0: Ball
1-0: Ground out 4-3 (Groundball, 4)
Top of the 3rd over - 1 run, 2 hits, 0 errors, 1 left on base; Chicago 2 - D.C. 1
BOTTOM OF THE 3RD
D.C. Divided batting - Pitching for Chicago Gold Sox : RHP Tony Alfonso
Batting: LHB Yao-pang Chiang 0-0: Called Strike
0-1: Ball
1-1: Called Strike
1-2: Fly out, F3 (Line Drive, 3)
Batting: RHB Wilbur Davis 0-0: Foul Ball, location: 2F
0-1: Ball
1-1: Swinging Strike
1-2: Ball
2-2: Ball
3-2: Fly out, F8 (Line Drive, 78XD)
Batting: LHB Obidiah Lewis 0-0: Called Strike
0-1: Foul Ball, location: 2F
0-2: Strikes out looking
Bottom of the 3rd over - 0 runs, 0 hits, 0 errors, 0 left on base; Chicago 2 - D.C. 1
TOP OF THE 4TH
Chicago Gold Sox batting - Pitching for D.C. Divided : RHP Manuel Delgadillo
Batting: LHB Sergio Rodríguez 0-0: Swinging Strike
0-1: Ground out 4-3 (Groundball, 4)
Batting: LHB Shigenobu Ohayashi 0-0: Called Strike
0-1: Ball
1-1: Foul Ball, location: 2F
1-2: Strikes out swinging
Batting: RHB Manuel Guillama 0-0: Ball
1-0: Called Strike
1-1: Called Strike
1-2: Foul Ball, location: 2F
1-2: Ball
2-2: Fly out, F3 (Popup, 3SF)
Top of the 4th over - 0 runs, 0 hits, 0 errors, 0 left on base; Chicago 2 - D.C. 1
BOTTOM OF THE 4TH
D.C. Divided batting - Pitching for Chicago Gold Sox : RHP Tony Alfonso
Batting: LHB Ryan Marken 0-0: Ball
1-0: Ball
2-0: Called Strike
2-1: Ball
3-1: Base on Balls
Batting: RHB Arturo Rodríguez 0-0: Ball
1-0: Ground out 5-3 (Groundball, 56S)
Ryan Marken to second
Batting: RHB Brant Thigpen 0-0: Foul Ball, location: 2F
0-1: Foul Ball, location: 2F
0-2: Ball
1-2: Strikes out swinging
Batting: RHB Nick Boyd 0-0: Ball
1-0: Ball
2-0: Called Strike
2-1: Ball
3-1: Base on Balls
Batting: LHB Elmer Hudgins 0-0: Foul Ball, location: 2F
0-1: Ball
1-1: Foul Ball, location: 2F
1-2: Ball
2-2: Foul Ball, location: 2F
2-2: Ground out 5-3 (Groundball, 56S)
Bottom of the 4th over - 0 runs, 0 hits, 0 errors, 2 left on base; Chicago 2 - D.C. 1
TOP OF THE 5TH
Chicago Gold Sox batting - Pitching for D.C. Divided : RHP Manuel Delgadillo
Batting: RHB Norman Winston 0-0: Called Strike
0-1: Called Strike
0-2: DOUBLE (Flyball, 8RXD)
Batting: LHB Noel Ballard 0-0: SINGLE (Groundball, 34S) (infield hit)
Norman Winston to third
Batting: RHB Ramón Rodríguez 0-0: Ball
Noel Ballard steals 2nd base
1-0: Ball
2-0: Ball
3-0: Base on Balls
Batting: RHB Jay Hood 0-0: Ball
1-0: Fly out, F4 (Line Drive, 4M)
Batting: RHB Jeb Sexton 0-0: Called Strike
0-1: Ball
Wild Pitch!
Norman Winston scores
Noel Ballard to third
Ramón Rodríguez to second
1-1: Called Strike
1-2: Strikes out looking
Batting: SHB Lupo Cotto 0-0: Called Strike
0-1: Foul Ball, location: 2F
0-2: Foul Ball, location: 2F
0-2: Ball
1-2: Ball
2-2: Fly out, F3 (Line Drive, 34S)
Top of the 5th over - 1 run, 2 hits, 0 errors, 2 left on base; Chicago 3 - D.C. 1
BOTTOM OF THE 5TH
D.C. Divided batting - Pitching for Chicago Gold Sox : RHP Tony Alfonso
Batting: RHB Tony Romero 0-0: Swinging Strike
0-1: Foul Ball, location: 2F
0-2: Foul Ball, location: 2F
0-2: Foul Ball, location: 2F
0-2: Foul Ball, location: 2F
0-2: Strikes out looking
Batting: LHB Yao-pang Chiang 0-0: Ball
1-0: Ground out 4-3 (Groundball, 34)
Batting: RHB Wilbur Davis 0-0: Ball
1-0: Ball
2-0: SOLO HOME RUN (Flyball, 9D), Distance : 398 ft
Batting: LHB Obidiah Lewis 0-0: Called Strike
0-1: Ground out 5-3 (Groundball, 56)
Bottom of the 5th over - 1 run, 1 hit, 0 errors, 0 left on base; Chicago 3 - D.C. 2
TOP OF THE 6TH
Chicago Gold Sox batting - Pitching for D.C. Divided : RHP Manuel Delgadillo
Batting: LHB Sergio Rodríguez 0-0: Called Strike
0-1: Called Strike
0-2: Ground out 5-3 (Groundball, 56)
Batting: LHB Shigenobu Ohayashi 0-0: Foul Ball, location: 2F
0-1: Ball
1-1: Ball
2-1: Foul Ball, location: 2F
2-2: Strikes out swinging
Batting: RHB Manuel Guillama 0-0: Called Strike
0-1: Ball
1-1: SINGLE (Groundball, 6MD)
Batting: RHB Norman Winston 0-0: Fly out, F7 (Flyball, 7)
Top of the 6th over - 0 runs, 1 hit, 0 errors, 1 left on base; Chicago 3 - D.C. 2
BOTTOM OF THE 6TH
D.C. Divided batting - Pitching for Chicago Gold Sox : RHP Tony Alfonso
Batting: LHB Ryan Marken 0-0: Called Strike
0-1: Foul Ball, location: 2F
0-2: Strikes out swinging
Batting: RHB Arturo Rodríguez 0-0: Ball
1-0: Fly out, F7 (Line Drive, 7LM)
Batting: RHB Brant Thigpen 0-0: Ball
1-0: Foul Ball, location: 2F
1-1: Swinging Strike
1-2: Ball
2-2: Strikes out swinging
Bottom of the 6th over - 0 runs, 0 hits, 0 errors, 0 left on base; Chicago 3 - D.C. 2
TOP OF THE 7TH
Chicago Gold Sox batting - Pitching for D.C. Divided : RHP Manuel Delgadillo
Batting: LHB Noel Ballard 0-0: Called Strike
0-1: DOUBLE (Flyball, 8LD)
Batting: RHB Ramón Rodríguez 0-0: Intentional Walk
Batting: RHB Jay Hood 0-0: Fly out, F8 (Flyball, 8RM)
Batting: RHB Jeb Sexton 0-0: Ball
1-0: Called Strike
1-1: Called Strike
1-2: Ball
2-2: Foul Ball, location: 2F
2-2: Ball
3-2: Strikes out swinging
Batting: SHB Lupo Cotto 0-0: Foul Ball, location: 2F
0-1: Ball
1-1: Fly out, F8 (Flyball, 8RS)
Top of the 7th over - 0 runs, 1 hit, 0 errors, 2 left on base; Chicago 3 - D.C. 2
BOTTOM OF THE 7TH
D.C. Divided batting - Pitching for Chicago Gold Sox : RHP Tony Alfonso
Batting: RHB Nick Boyd 0-0: Called Strike
0-1: Ball
1-1: Foul Ball, location: 2F
1-2: Strikes out swinging
Batting: LHB Elmer Hudgins 0-0: Swinging Strike
0-1: Fly out, F8 (Flyball, 8RD)
Batting: RHB Tony Romero 0-0: Ball
1-0: Ball
2-0: Foul Ball, location: 2F
2-1: Ball
3-1: Base on Balls
Batting: LHB Yao-pang Chiang 0-0: Ball
Tony Romero steals 2nd base
1-0: Called Strike
1-1: Ball
2-1: Ball
3-1: SINGLE (Line Drive, 89S)
Tony Romero to third
Runner from 3rd tries for Home, SAFE, no throw
Batting: RHB Wilbur Davis 0-0: Called Strike
0-1: Ball
1-1: Foul Ball, location: 2F
1-2: Strikes out swinging
Bottom of the 7th over - 1 run, 1 hit, 0 errors, 1 left on base; Chicago 3 - D.C. 3
TOP OF THE 8TH
Chicago Gold Sox batting - Pitching for D.C. Divided : RHP Manuel Delgadillo
Batting: LHB Sergio Rodríguez 0-0: Ball
1-0: Called Strike
1-1: Foul Ball, location: 2F
1-2: Ball
2-2: Foul Ball, location: 2F
2-2: Ball
3-2: Base on Balls
Pitching: RHP Brewster Warble
Batting: LHB Shigenobu Ohayashi 0-0: Called Strike
0-1: Ball
1-1: Ball
2-1: Ball
3-1: Bunt - Flyout! F5
Batting: RHB Manuel Guillama 0-0: Called Strike
0-1: Ball
1-1: Ball
2-1: Called Strike
2-2: Ball
3-2: Ground out 4-3 (Groundball, 34)
Sergio Rodríguez to second
Batting: RHB Norman Winston 0-0: Ground out U3 (Groundball, 34S)
Top of the 8th over - 0 runs, 0 hits, 0 errors, 1 left on base; Chicago 3 - D.C. 3
BOTTOM OF THE 8TH
D.C. Divided batting - Pitching for Chicago Gold Sox : RHP Tony Alfonso
Batting: LHB Obidiah Lewis 0-0: Called Strike
0-1: Fly out, F9 (Flyball, 9S)
Batting: LHB Ryan Marken 0-0: Called Strike
0-1: DOUBLE (Line Drive, 9)
Batting: RHB Arturo Rodríguez 0-0: Intentional Walk
Pitching: RHP Gordon Neugebauer
Batting: RHB Brant Thigpen 0-0: 3-RUN HOME RUN (Flyball, 89XD), Distance : 435 ft
Batting: RHB Nick Boyd 0-0: Swinging Strike
0-1: Ball
1-1: Ball
2-1: Fly out, F9 (Flyball, 89S)
Batting: LHB Elmer Hudgins 0-0: Ball
1-0: Swinging Strike
1-1: Ball
2-1: Ball
3-1: Called Strike
3-2: Strikes out swinging
Bottom of the 8th over - 3 runs, 2 hits, 0 errors, 0 left on base; Chicago 3 - D.C. 6
TOP OF THE 9TH
Chicago Gold Sox batting - Pitching for D.C. Divided : RHP Brewster Warble
Pitching: RHP Roberto Silva
Batting: LHB Noel Ballard 0-0: Called Strike
0-1: Ball
1-1: Called Strike
1-2: Strikes out looking
Batting: RHB Ramón Rodríguez 0-0: Ball
1-0: Ground out 6-3 (Groundball, 6)
Batting: RHB Jay Hood 0-0: Fly out, F8 (Flyball, 8RXD)
Top of the 9th over - 0 runs, 0 hits, 0 errors, 0 left on base; Chicago 3 - D.C. 6
Wednesday, September 19th, 2018 - OOTP Baseball 18.8 Build 76